Map: Acolyte LE

Players

TenaciousDG

  • Race: Zerg Zerg
  • League: Diamond
  • Spawn Location: 1:00

FisterRoboto - Winner!

  • Race: Zerg Zerg
  • League: Diamond
  • Spawn Location: 7:00

VOD

Have the link to the VOD?

Description

Time

  • Played on: Aug. 12, 2017, 1:11 a.m.
  • Length: 10:03
Show
View Real Time Build Order
Export as new Build Order

TenaciousDG Zerg 

Build Orders: Pool First 

Get SALT Encoding   

  12  0:02  Drone  
  13  0:12  Overlord  
  13  0:23  Drone  
  14  0:33  Drone  
  15  0:36  Drone  
  16  0:43  Spawning Pool  
  16  0:45  Drone  
  16  0:57  Drone  
  17  1:12  Hatchery  
  17  1:16  Drone  
  17  1:18  Drone  
  18  1:30  Queen  
  18  1:32  Zergling x2  
  21  1:40  Overlord  
  21  1:52  Drone  
  22  2:11  Queen  
  24  2:17  Drone  
  24  2:18  Drone  
  26  2:25  Queen  
  26  2:26  Drone x2  
  30  2:41  Zergling x2  
  30  2:42  Zergling x2  
  31  2:49  Drone  
  31  2:50  Drone x3  
  35  3:01  Evolution Chamber  
  34  3:09  Drone  
  34  3:10  Drone, Overlord  
  34  3:11  Overlord  
  36  3:20  Evolution Chamber  
  36  3:24  Overlord  
  35  3:30  Drone x5  
  40  3:35  Hatchery  
  40  3:38  Drone x4  
  43  3:55  Drone  
  43  3:56  Drone x2  
  43  3:58  Extractor x2  
  43  4:00  Extractor x2  
  42  4:07  Drone x2  
  42  4:08  Drone x6  
  50  4:27  Drone  
  50  4:28  Drone  
  52  4:39  Drone, Lair  
  52  4:40  Hatchery  
  52  4:43  Roach Warren  
  51  4:52  Drone  
  52  4:53  Drone x9  
  52  4:57  Metabolic Boost  
  52  4:59  Zerg Missile Weapons Level 1  
  61  5:02  Overlord  
  61  5:07  Drone  
  61  5:08  Drone x4  
  61  5:11  Extractor  
  61  5:12  Extractor  
  64  5:23  Zerg Ground Armor Level 1  
  64  5:26  Drone x3  
  64  5:27  Drone x3  
  70  5:35  Glial Reconstitution  
  70  5:38  Burrow  
  70  5:39  Roach x2  
  70  5:40  Overlord  
  70  5:41  Overlord  
  74  5:48  Baneling Nest  
  73  5:54  Drone  
  73  5:55  Drone x2  
  73  5:56  Overlord  
  76  5:58  Overlord  
  76  5:59  Overlord  
  76  6:02  Roach  
  76  6:03  Roach x7  
  92  6:14  Overseer  
  92  6:22  Infestation Pit  
  91  6:34  Pneumatized Carapace  
  91  6:38  Baneling x4  
  91  6:54  Tunneling Claws  
  91  6:59  Pathogen Glands  
  91  7:07  Overlord x2  
  91  7:08  Overlord x2  
  91  7:09  Roach  
  91  7:10  Roach x9  
  91  7:13  Overlord x8  
  91  7:15  Zerg Missile Weapons Level 2  
  111  7:18  Overseer  
  110  7:42  Roach  
  110  7:43  Roach x18  
  147  7:54  Roach x39  
  147  8:01  Hatchery  
  146  8:11  Roach x3  
  146  8:12  Roach x36  
  146  8:17  Roach  
  146  8:18  Roach x44  
  172  8:24  Roach x20  
  172  8:32  Roach x22  
  138  8:46  Roach x20  
  112  8:59  Roach x3  
  112  9:00  Roach x9  
  132  9:09  Ravager x10  
  142  9:13  Zergling x2  
  142  9:14  Zergling x8  
  147  9:31  Hatchery  
  147  9:38  Roach x7  
  129  9:39  Roach  
Show
View Real Time Build Order
Export as new Build Order

FisterRoboto Zerg - Winner!

Build Orders: Hatch First 

Get SALT Encoding   

  12  0:01  Drone  
  13  0:13  Overlord  
  13  0:17  Drone  
  14  0:32  Drone  
  14  0:33  Drone  
  14  0:35  Drone  
  17  0:52  Hatchery  
  17  0:57  Drone  
  17  0:59  Drone  
  18  1:10  Extractor  
  17  1:14  Spawning Pool  
  17  1:16  Drone  
  17  1:20  Drone  
  18  1:29  Drone  
  19  1:40  Overlord  
  19  2:01  Queen  
  19  2:04  Queen  
  19  2:05  Zergling x6  
  26  2:15  Drone x2  
  28  2:27  Zergling x4  
  30  2:38  Drone  
  30  2:39  Drone  
  32  2:46  Drone  
  32  2:48  Drone  
  34  2:51  Queen  
  34  2:58  Hatchery, Drone  
  35  3:07  Drone  
  35  3:08  Overlord  
  36  3:17  Baneling Nest  
  36  3:18  Drone  
  36  3:19  Roach Warren  
  35  3:23  Overlord  
  35  3:33  Drone x3  
  35  3:34  Drone  
  39  3:37  Drone  
  39  3:38  Drone  
  41  3:44  Drone, Evolution Chamber  
  42  3:49  Drone  
  43  3:56  Overlord x2  
  43  4:00  Drone  
  43  4:01  Drone, Evolution Chamber  
  44  4:11  Drone  
  44  4:12  Drone x5  
  50  4:17  Drone  
  50  4:20  Zerg Missile Weapons Level 1  
  51  4:24  Extractor  
  51  4:26  Zerg Ground Armor Level 1  
  51  4:27  Drone x2  
  51  4:29  Drone  
  53  4:35  Extractor  
  53  4:38  Overlord  
  52  4:39  Drone x4  
  56  4:50  Drone x5  
  61  4:57  Drone x2  
  61  4:58  Drone x3  
  66  5:00  Lair  
  66  5:11  Overlord x3  
  66  5:24  Overlord x3  
  66  5:31  Drone x2  
  66  5:32  Drone x5  
  66  5:33  Extractor  
  66  5:35  Extractor  
  71  5:38  Drone x5  
  71  5:41  Extractor  
  75  5:50  Roach x3  
  81  5:59  Roach x6  
  93  6:15  Zerg Missile Weapons Level 2  
  93  6:16  Glial Reconstitution  
  93  6:18  Roach x8  
  101  6:22  Zerg Ground Armor Level 2  
  109  6:28  Overseer  
  109  6:33  Drone x2  
  109  6:34  Overlord x5  
  109  6:36  Roach  
  109  6:37  Overlord x2  
  110  6:58  Roach x9  
  128  7:06  Roach x4  
  128  7:07  Ravager x4  
  128  7:08  Ravager  
  141  7:11  Roach x2  
  145  7:16  Hatchery, Roach  
  145  7:17  Roach x3  
  145  7:19  Roach  
  154  7:27  Roach x4  
  154  7:28  Overlord  
  162  7:41  Drone x3  
  162  7:42  Drone x2  
  162  7:45  Spore Crawler  
  162  7:46  Roach x4  
  169  7:53  Hydralisk Den  
  169  7:56  Drone  
  169  7:58  Overlord x3  
  169  7:59  Overlord  
  169  8:11  Overlord  
  169  8:17  Roach x7  
  183  8:26  Roach x5  
  193  8:35  Roach  
  193  8:36  Roach x4  
  193  8:41  Overseer x2  
  182  8:45  Roach  
  182  8:46  Roach x4  
  184  8:52  Overseer x2  
  180  8:57  Roach  
  180  8:58  Roach x4  
  180  9:02  Ravager  
  189  9:03  Ravager  
  189  9:05  Ravager x2  
  189  9:07  Ravager  
  189  9:08  Ravager  
  195  9:10  Ravager x2  
  195  9:12  Ravager  
  195  9:13  Roach  
  199  9:17  Extractor x2, Drone x2  
  199  9:18  Drone  
  182  9:34  Roach x9  
  188  9:41  Roach x2  
Tags
 
Add a new tag
Caveats
  • Supply blocks, unpowered buildings, or Contaminate may cause inaccurate times.
  • Supply counts are checked every 10 seconds.